 Dungeon Crawl Stone Soup version 0.30-a0-778-g2ef04afb54 (webtiles) character file.

Game seed: 15786027407008070317

318 funkygono the Firebug (level 6, -5/32 HPs)
             Began as a Gargoyle Fire Elementalist on Feb 15, 2023.
             Slain by an iguana (9 damage)
             ... on level 4 of the Dungeon.
             The game lasted 00:04:54 (3744 turns).

funkygono the Firebug (Gargoyle Fire Elementalist)  Turns: 3744, Time: 00:04:54

Health: -5/32      AC:  8    Str: 12    XL:     6   Next: 45%
Magic:  8/20       EV: 12    Int: 17    God:
Gold:   210        SH:  0    Dex: 16    Spells: 2/12 levels left

rFire   . . .      SeeInvis .    m - +0 whip (venom)
rCold   . . .      Faith    .    (no shield)
rNeg    + . .      Spirit   .    a - +0 robe
rPois   ∞          Reflect  .    j - +1 helmet
rElec   +          Harm     .    (no cloak)
rCorr   .          Rampage  .    (no gloves)
Will    .....                    (no boots)
Stlth   ++                       (no amulet)
HPRegen 0.25/turn                p - +6 ring of dexterity
MPRegen 0.17/turn                r - ring of magical power

@: very slightly contaminated
A: sickness immunity, AC +4, negative energy resistance 1, electricity
resistance, torment resistance 1, petrification resistance
a: no special abilities


You were on level 4 of the Dungeon.
You visited 1 branch of the dungeon, and saw 5 of its levels.

You collected 210 gold pieces.

Inventory:

Hand Weapons
 f - a +0 mace
 m - a +0 whip of venom (weapon)
Armour
 a - a +0 robe (worn)
 i - a +0 leather armour
 j - a +1 helmet (worn)
 x - an orb of guile
Jewellery
 p - a +6 ring of dexterity (left hand)
 r - a ring of magical power (right hand)
 A - an amulet of faith
Scrolls
 d - a scroll of identify
 k - 2 scrolls of teleportation
 n - a scroll of fog
 o - a scroll of blinking
 t - a scroll of fear
Potions
 b - a potion of magic
 c - a potion of lignification
 e - a potion of resistance {unknown}
 h - 3 potions of curing
 l - a potion of heal wounds {unknown}
 s - 2 potions of flight
 w - a potion of invisibility {unknown}
 z - a potion of mutation {unknown}


   Skills:
 + Level 0.2 Maces & Flails
 + Level 1.8 Dodging
 - Level 2.1 Stealth
 + Level 3.8 Spellcasting
 + Level 3.1 Conjurations
 + Level 5.0 Fire Magic


You had 2 spell levels left.
You knew the following spells:

 Your Spells              Type           Power      Damage    Failure   Level
a - Foxfire               Conj/Fire      68%        2x1d7     3%          1
b - Scorch                Fire           40%        2d7       3%          2
c - Kindle Blastsparks    Fire/Tloc/Air  18%        2d11      24%         3
d - Flame Wave            Conj/Fire      17%        2d7       30%         4

Your spell library contained the following spells:

 Spells                   Type           Power      Damage    Failure   Level
 Magic Dart               Conj           52%        1d5       4%          1
 Searing Ray              Conj           26%        2d5       7%          2
 Necrotise                Necr           12%        1d4       16%         1
 Summon Small Mammal      Summ           12%        N/A       16%         1
 Ensorcelled Hibernation  Hex/Ice        6%         N/A       24%         2
 Passwall                 Tmut/Erth      2%         N/A       24%         2
 Inner Flame              Hex/Fire       11%        N/A       17%         3
 Call Canine Familiar     Summ           3%         N/A       43%         3
 Summon Guardian Golem    Hex/Summ       3%         N/A       43%         3
 Swiftness                Air            3%         N/A       43%         3
 Vampiric Draining        Necr           3%         2d6       43%         3
 Fulminant Prism          Conj/Hex       4%         3d5       63%         4
 Agony                    Necr           3%         N/A       99%         5


Dungeon Overview and Level Annotations

Branches:
Dungeon (5/15)
 Temple: D:4-7

Altars:
Dithmenos
Hepliaklqana
Makhleb
Nemelex Xobeh
Trog
Xom
Zin

Shops:
D:1 (   D:3 =


Innate Abilities, Weirdness & Mutations

You are immune to sickness and miasma.
Your stone body is resilient. (AC +4)
You are immune to poison.
You resist negative energy. (rN+)
You are resistant to electric shocks. (rElec)
You are resistant to unholy torment.
You are immune to petrification.


Message History

Casting: Scorch (safe; 3% risk of failure)
Confirm with . or Enter, or press ? or * to list all spells.
You conjure some foxfire!
The iguana bites you but does no damage.
Casting: Foxfire (safe; 3% risk of failure)
Confirm with . or Enter, or press ? or * to list all spells.
You miscast Scorch.
Nothing appears to happen.
The foxfire hits the iguana but does no damage.
The iguana is lightly wounded.
The foxfire hits the iguana but does no damage.
The iguana is lightly wounded.
The iguana bites you!
* * * LOW HITPOINT WARNING * * *
Unknown command.
Casting: Scorch (safe; 3% risk of failure)
Confirm with . or Enter, or press ? or * to list all spells.
You conjure some foxfire!
The iguana closely misses you.
Casting: Foxfire (safe; 3% risk of failure)
Confirm with . or Enter, or press ? or * to list all spells.
You conjure some foxfire!
The foxfire hits the iguana.
The iguana is lightly wounded.
The foxfire hits the iguana.
The iguana is heavily wounded.
The iguana completely misses you.
Casting: Foxfire (safe; 3% risk of failure)
Confirm with . or Enter, or press ? or * to list all spells.
You conjure some foxfire!
The iguana closely misses you.
Casting: Foxfire (safe; 3% risk of failure)
Confirm with . or Enter, or press ? or * to list all spells.
You conjure some foxfire!
The foxfire hits the iguana but does no damage.
The iguana is heavily wounded.
The foxfire hits the iguana but does no damage.
The iguana is heavily wounded.
The foxfire hits the iguana but does no damage.
The iguana is heavily wounded.
The foxfire hits the iguana but does no damage.
The iguana is heavily wounded.
The iguana bites you!
You die...

#.......# #.....###.........#
#.......# #.................#
#.......######.####.......#####
#.....................##...# #.
#....................###...###.
#..............##.##..##...##..
#.....†........##.##.....#..#)#
######†......l.#..##..........#
######......v@§.##............
#.......÷...v§§....####.#...#.
#..................###..##..#.
#...................#<........
#............#.)..............
#............................#
#........#...................#
#..............)..............
#######.....#.................


You could see an iguana (ally target).

Vanquished Creatures
  A phantom (D:4)
  A necrophage (D:4)
  An iguana (D:4)
  An orc wizard (D:4)
  5 adders
  6 orcs
  4 ball pythons
  4 bats
  11 endoplasms
  3 giant cockroaches
  8 goblins
  8 hobgoblins
  4 jackals (D:4)
  5 kobolds
  5 quokkas
  6 frilled lizards
  3 rats
76 creatures vanquished.

Vanquished Creatures (others)
  245 foxfires
  A fungus (D:1)
246 creatures vanquished.

Grand Total: 322 creatures vanquished

Notes
Turn   | Place    | Note
-------+----------+-------------------------------------------
     0 | D:1      | funkygono the Gargoyle Fire Elementalist began the quest
                  | for the Orb.
     0 | D:1      | Reached XP level 1. HP: 10/10 MP: 3/3
   237 | D:1      | Found Dafebbis's Antique Weapon Shoppe.
   320 | D:1      | Reached XP level 2. HP: 15/15 MP: 3/5
   323 | D:1      | Learned a level 2 spell: Scorch
  1151 | D:2      | Reached XP level 3. HP: 19/19 MP: 2/6
  1155 | D:2      | Learned a level 3 spell: Kindle Blastsparks
  2302 | D:3      | Reached XP level 4. HP: 24/24 MP: 8/8
  2370 | D:3      | Found Kilaji's Jewellery Shop.
  2462 | D:3      | Found a glowing silver altar of Zin.
  2629 | D:3      | Found a burning altar of Makhleb.
  2641 | D:3      | Found a bloodstained altar of Trog.
  2747 | D:3      | Found a shimmering altar of Xom.
  2757 | D:3      | Found a shadowy altar of Dithmenos.
  2899 | D:4      | Reached skill level 4 in Fire Magic
  3004 | D:4      | Noticed a phantom
  3011 | D:4      | Killed a phantom
  3012 | D:4      | Reached XP level 5. HP: 28/28 MP: 9/9
  3257 | D:4      | Found a sparkling altar of Nemelex Xobeh.
  3258 | D:4      | Found a hazy altar of Hepliaklqana.
  3308 | D:4      | Reached XP level 6. HP: 23/32 MP: 9/11
  3390 | D:4      | Learned a level 4 spell: Flame Wave
  3553 | D:4      | Reached skill level 5 in Fire Magic
  3732 | D:5      | Entered Level 5 of the Dungeon
  3744 | D:4      | Slain by an iguana

Illustrated notes

Levels and vault maps discovered:
D:1:      onia_arrival_mini_maze_b, layout_loops_ring, serial_shops,
          nicolae_shop_waterfront, nrook_loot_triangle
D:2:      layout_basic
D:3:      layout_loops_ring, zin_treasury, grunt_temple_overflow_open,
          serial_shops, nicolae_shop_crystal
D:4:      layout_rooms, nicolae_overflow_squiral
D:5:      layout_loops_ring, nicolae_tso_carved_into_rock, skrybe_limestone_x

Skill      XL: |  1  2  3  4  5  6 |
---------------+-------------------+-----
Conjurations   | 2 3 |  3.1
Fire Magic     | 4 5 |  5.0
Spellcasting   | 3 |  3.8
Maces & Flails | |  0.2
Dodging        | |  1.8
Stealth        | |  2.1

Action                     |  1- 3 |  4- 6 || total
---------------------------+-------+-------++-------
  Melee: Mace              |     8 |       ||     8
         Punch             |     1 |       ||     1
         Whip              |     3 |     3 ||     6
   Cast: Foxfire           |    68 |    76 ||   144
         Scorch            |     4 |     5 ||     9
    Use: Scroll            |       |    12 ||    12
 Armour: Robe              |     6 |     4 ||    10
  Dodge: Dodged            |    18 |    12 ||    30

Table legend: (Time is in decaauts)
 A = Elapsed time spent in this place.
 B = Non-inter-level travel time spent in this place.
 C = Inter-level travel time spent in this place.
 D = Time resting spent in this place.
 E = Time spent auto-exploring this place.
 F = Levels seen in this place.
 G = Mean time per level.
                   A        B        C        D        E       F      G
               +--------+--------+--------+--------+--------+-----+--------+
         Total |   3746 |   3607 |    139 |     47 |   3065 |   5 |  749.2 |
       Dungeon |   3746 |   3607 |    139 |     47 |   3065 |   5 |  749.2 |
               +--------+--------+--------+--------+--------+-----+--------+

Top non-repeatable levels by time:
     D:1: 1132 daAuts
     D:2: 931 daAuts
     D:4: 857 daAuts
     D:3: 824 daAuts
     D:5: 1 daAuts
